 Dungeon Crawl Stone Soup version bcrawl-1.21.2-20-g6d45ba5942 (webtiles) character file.

Game seed: 13310570798864302835

86 Freyura the Cudgeler (level 4, -1/42 HPs)
             Began as a Troll Gladiator on Feb 25, 2020.
             Slain by Sigmund
             ... wielding a +2 scythe of venom
              (3 damage)
             ... on level 3 of the Dungeon.
             The game lasted 00:05:59 (1804 turns).

Freyura the Cudgeler (Troll Gladiator)              Turns: 1804, Time: 00:06:00

Health: -1/42      AC:  6    Str: 22    XL:     4   Next: 26%
Magic:  3/3        EV: 16    Int:  5    God:
Gold:   135        SH:  0    Dex: 17    Spells: 3/3 levels left

rFire    . . .     SeeInvis .   a - +1 flail
rCold    . . .     Gourm    +   (no shield)
rNeg     . . .     Faith    .   (armour unavailable)
rPois    .         Spirit   .   b - +1 hat
rElec    .         Reflect  .   (no cloak)
rCorr    .         Harm     .   (gloves unavailable)
MR       .....                  (boots unavailable)
Stlth    +++.......             (no amulet)
HPRegen  0.54/turn              (no ring)
MPRegen  0.08/turn              (no ring)

@: agile, lethally poisoned (-1 -> -4)
A: large, almost no armour, unfitting armour, claws 3, fast metabolism 3,
gourmand, regeneration 1, AC +5
a: no special abilities


You were on level 3 of the Dungeon.
You were very full.

You visited 1 branch of the dungeon, and saw 3 of its levels.

You collected 135 gold pieces.

Inventory:

Hand Weapons
 a - a +1 flail (weapon)
Missiles
 c - 3 throwing nets (quivered) {!f}
Armour
 b - a +1 hat (worn)
Scrolls
 h - a scroll of teleportation
Potions
 i - 2 potions of curing
 m - a potion of heal wounds {unknown}
 n - a potion of mutation {unknown}
Comestibles
 e - 4 rations {!d}


   Skills:
 + Level 2.0 Fighting
 * Level 4.6 Maces & Flails
 - Level 1.8 Throwing
 - Level 2.6 Dodging
 + Level 0.1 Stealth


You had 3 spell levels left.
You didn't know any spells.
Your spell library was empty.

Dungeon Overview and Level Annotations

Branches:
Dungeon (3/12)

Altars:

Annotations:
D:3 Sigmund


Innate Abilities, Weirdness & Mutations

You cannot wear most types of armour.
Your thick skin is tough. (AC +5)
You are too large for most types of armour.
You have claws for hands.
Your metabolism is lightning-fast.
You like to eat raw meat.
Your natural rate of healing is unusually fast.


Message History

Things that are here:
a jackal corpse x2
You miss something.
* * * LOW HITPOINT WARNING * * *
You feel sick.
You closely miss something.
* * * LOW HITPOINT WARNING * * *
You feel sick. Something barely misses you.
You miss something.
You feel sick. Something barely misses you.
You miss something.
* * * LOW HITPOINT WARNING * * *
You feel sick.
You hear some strange, mumbled words.
A magic dart appears from out of thin air!
The magic dart hits you.
* * * LOW HITPOINT WARNING * * *
You barely miss something.
* * * LOW HITPOINT WARNING * * *
You feel sick. Something hits you.
You die...

*,* **,#########
**,,......#≈##
*****,,,......≈≈≈*
,,,,,,,,.≈[.≈≈≈≈###
*******,≈≈≈≈≈≈....#
*≈≈≈#######..#
**,** #.##
*****#.#####* #@#
**,,,,[......###{#
*,,,,,..........g#
,,,,,,.......@.###
,,,,,,......>..#
,,,,,,.......[.#
,,,,,,.........#
,,,,,,.........#
,,,,,,.........#


You could see a hobgoblin.

Vanquished Creatures
  3 adders (D:2)
  A worm (D:2)
  4 dart slugs (D:1)
  5 leopard geckos
  An orc (D:2)
  3 giant cockroaches
  2 goblins (D:1)
  3 hobgoblins
  4 jackals
  2 quokkas (D:2)
  6 bats
  A frilled lizard (D:2)
  4 kobolds
  3 rats
42 creatures vanquished.

Notes
Turn   | Place    | Note
-------+----------+-------------------------------------------
     0 | D:1      | Freyura the Troll Gladiator began the quest for the Orb.
     0 | D:1      | Reached XP level 1. HP: 19/19 MP: 0/0
   220 | D:1      | Reached XP level 2. HP: 26/27 MP: 1/1
   767 | D:1      | Reached XP level 3. HP: 24/35 MP: 2/2
  1065 | D:2      | Reached skill level 4 in Maces & Flails
  1340 | D:2      | Gained mutation: Your natural rate of healing is unusually
                  | fast. [Troll growth]
  1340 | D:2      | Reached XP level 4. HP: 19/42 MP: 3/3
  1777 | D:3      | Noticed Sigmund
  1803 | D:3      | HP: 2/42 [something/magic dart (2)]
  1804 | D:3      | Slain by Sigmund

Skill      XL: |  1  2  3 |
---------------+----------+-----
Maces & Flails | 4 |  4.6
Fighting       | 2 |  2.0
Throwing       | |  1.8
Dodging        | |  2.6
Stealth        | |  0.1

Action                   |  1- 3 |  4- 6 || total
-------------------------+-------+-------++-------
Melee: Flail             |   132 |    25 ||   157
  Use: Scroll            |       |     8 ||     8
       Potion            |       |     2 ||     2
  Eat: Chunk             |    14 |     1 ||    15
Armor: Skin              |    66 |     8 ||    74
Dodge: Dodged            |    93 |    17 ||   110
